 Dungeon Crawl Stone Soup version 0.17.1-1-g73c8601 (webtiles) character file.

109 JustSomeDude the Insei (level 4, -12/37 HPs)
             Began as a Demonspawn Monk on Jan 3, 2016.
             Mangled by JustSomeDude's ghost (23 damage)
             ... on level 3 of the Dungeon.
             The game lasted 00:06:29 (1742 turns).

JustSomeDude the Insei (Demonspawn Monk)            Turns: 1742, Time: 00:06:30

Health: -12/37     AC:  3    Str: 12    XL:     4   Next: 60%
Magic:  4/4        EV: 14    Int: 11    God:
Gold:   107        SH:  0    Dex: 16    Spells: 0 memorised, 3 levels left

rFire  . . .     SeeInvis .     l - +0 glaive
rCold  . . .     Clarity  .     a - +0 robe
rNeg   . . .     SustAt   .     (shield currently unavailable)
rPois  .         Gourm    .     (no helmet)
rElec  .         Spirit   .     k - +0 cloak
rCorr  .         Warding  .     (no gloves)
rMut   .         Stasis   .     (no boots)
MR     .....                    (no amulet)
Stlth  ++........               (no ring)
                                (no ring)

@: not resistant to hostile enchantments, unstealthy
A: powered by death 2, wild magic 1
a: no special abilities


You were on level 3 of the Dungeon.
You were not hungry.

You visited 1 branch of the dungeon, and saw 3 of its levels.

You collected 107 gold pieces.

Inventory:

Hand Weapons
 l - a +0 glaive (weapon)
Armour
 a - a +0 robe (worn)
 k - a +0 cloak (worn)
Jewellery
 c - a cursed ring of wizardry {unknown}
 t - an uncursed ring of sustain attributes {unknown}
Wands
 q - a wand of frost (24)
Scrolls
 d - 2 scrolls of recharging {unknown}
 e - 2 scrolls of blinking {unknown}
 g - 5 scrolls of identify {unknown}
 i - 2 scrolls of teleportation {unknown}
 o - 2 scrolls of magic mapping {unknown}
 p - a scroll of fog {unknown}
Potions
 f - a potion of cancellation
Books
 r - a book of Changes

   Spells                             Type                      Level
   a - Beastly Appendage              Transmutation                1
   b - Sticks to Snakes               Transmutation                2
   c - Spider Form                    Transmutation/Poison         3
   d - Ice Form                       Ice/Transmutation            4
   e - Blade Hands                    Transmutation                5
Comestibles
 b - a bread ration
 h - a meat ration
 n - 4 fruits


   Skills:
 + Level 3.7 Fighting
 + Level 0.8 Polearms
 + Level 3.6 Dodging
 + Level 2.1 Stealth
 + Level 4.1 Unarmed Combat


You had 3 spell levels left.
You didn't know any spells.

Dungeon Overview and Level Annotations

Branches:
Dungeon (3/15)

Altars:

Annotations:
D:3 JustSomeDude's ghost, amateur DsMo


Innate Abilities, Weirdness & Mutations

You regenerate health from kills.
Your spells are a little harder to cast, but a little more powerful.


Message History

You feel less regenerative.
JustSomeDude's ghost turns its malevolent gaze towards you.
JustSomeDude's ghost is too close now for your liking.
JustSomeDude's ghost is nearby!
JustSomeDude's ghost is nearby!
JustSomeDude's ghost is nearby!
Your magical contamination has completely faded away.
You hit JustSomeDude's ghost.
JustSomeDude's ghost is heavily damaged.
JustSomeDude's ghost hits you but does no damage.
Space bends around you.
JustSomeDude's ghost hits you but does no damage.
Space warps horribly around you!
You closely miss JustSomeDude's ghost.
JustSomeDude's ghost is heavily damaged.
JustSomeDude's ghost hits you!
* * * LOW HITPOINT WARNING * * *
Space warps horribly around you!
Ouch! That really hurt!
You die...

## ##.##
#######.#.##########
.W.................#
#######.#.#####W@..#######
##........................
##.############....######.
##.# ####.# ##.# ##.# ##.#
#..# #### ##.# #.## # #...
##.# #.# ##.####... ##.#
#.# #..††....#


You could see JustSomeDude's ghost.

Vanquished Creatures
  Jessica (D:2)
  A centaur skeleton (D:3)
  An ooze (D:1)
  2 worms (D:2)
  3 giant geckos
  2 ball pythons (D:2)
  2 giant cockroaches
  4 hobgoblins
  4 bats
  5 giant newts
  2 goblins (D:3)
  7 jackals
  8 kobolds
  4 rats
46 creatures vanquished.

Notes
Turn   | Place    | Note
--------------------------------------------------------------
     0 | D:1      | JustSomeDude the Demonspawn Monk began the quest for the Orb.
     0 | D:1      | Reached XP level 1. HP: 18/18 MP: 1/1
    76 | D:1      | Gained mutation: You regenerate a little health from kills. [demonic ancestry]
    76 | D:1      | Reached XP level 2. HP: 17/24 MP: 2/2
   846 | D:1      | Reached skill level 4 in Unarmed Combat
  1032 | D:2      | Gained mutation: You regenerate health from kills. [demonic ancestry]
  1032 | D:2      | Reached XP level 3. HP: 29/29 MP: 3/3
  1293 | D:2      | Noticed Jessica
  1300 | D:2      | Killed Jessica
  1300 | D:2      | Reached XP level 4. HP: 19/35 MP: 4/4
  1623 | D:3      | Noticed JustSomeDude's ghost (amateur DsMo)
  1630 | D:3      | Gained mutation: Your spells are a little harder to cast, but a little more powerful. [potion of beneficial mutation]
  1742 | D:3      | Mangled by JustSomeDude's ghost

Action                   |  1- 3 |  4- 6 || total
-------------------------+-------+-------++-------
Melee: Unarmed           |    85 |       ||    85
       Glaive            |    44 |    30 ||    74
  Use: Potion            |       |     3 ||     3
 Stab: Sleeping          |     2 |     2 ||     4
       Invisible         |       |     1 ||     1
  Eat: Fruit             |     1 |       ||     1
       Chunk             |       |     2 ||     2
